Map: Catalesque CE

Players

saw - Winner!

  • Race: Zerg Zerg
  • League: Gold
  • Spawn Location: 5:00

RonCole - Winner!

  • Race: Protoss Protoss
  • Spawn Location: 5:00

nucmachin

  • Race: Terran Terran
  • League: Gold
  • Spawn Location: 11:00

DENNISILLO

  • Race: Terran Terran
  • Spawn Location: 11:00

VOD

Have the link to the VOD?

Description

Time

  • Played on: Nov. 16, 2024, 11:51 p.m.
  • Length: 29:50
Show
View Real Time Build Order
Export as new Build Order

saw Zerg - Winner!

Build Orders: Hatch First 

Get SALT Encoding   

  12  0:01  Drone  
  13  0:09  Drone  
  14  0:19  Overlord  
  14  0:38  Drone  
  14  0:39  Drone x2  
  17  0:56  Hatchery  
  16  1:10  Spawning Pool  
  15  1:13  Extractor  
  14  1:20  Drone x3  
  17  1:42  Overlord  
  17  1:57  Queen  
  17  1:58  Zergling x4  
  21  2:11  Queen  
  21  2:13  Drone x2  
  21  2:15  Drone  
  26  2:24  Metabolic Boost  
  26  2:34  Drone x3  
  29  2:37  Queen  
  31  2:53  Extractor  
  31  3:12  Zergling x2  
  31  3:13  Zergling x10  
  34  3:27  Overlord  
  34  3:40  Baneling Nest  
  31  4:11  Zergling x2  
  31  4:12  Zergling x16  
  31  4:13  Zergling x6  
  32  4:43  Zergling x12  
  32  4:44  Zergling x2  
  34  5:02  Zergling x14  
  41  5:14  Drone  
  41  5:18  Lair  
  42  5:38  Drone  
  42  5:39  Drone  
  42  5:41  Overlord x3  
  43  6:00  Hatchery  
  38  6:22  Drone  
  38  6:23  Drone x5  
  44  6:29  Drone x4  
  44  6:30  Drone x2  
  43  6:46  Drone  
  44  7:13  Drone x3  
  47  7:16  Centrifugal Hooks  
  47  7:20  Zergling x16  
  55  7:26  Burrow  
  55  7:29  Drone, Extractor  
  55  7:30  Extractor  
  55  7:34  Queen  
  55  7:35  Queen  
  55  7:36  Hatchery  
  57  7:39  Drone x2  
  57  7:41  Zergling x2  
  57  7:42  Baneling x2, Zergling x2  
  57  7:43  Baneling x5  
  61  7:47  Baneling x6  
  61  7:48  Baneling x3  
  61  8:00  Zergling x4  
  61  8:01  Zergling x16  
  65  8:18  Zergling x12  
  65  8:33  Baneling x7  
  65  8:34  Baneling, Zergling x6  
  65  8:35  Zergling x4  
  70  8:44  Baneling x5  
  70  8:45  Baneling x8  
  70  9:04  Zergling x10  
  70  9:05  Zergling x8  
  67  9:39  Drone x3, Spire  
  69  9:49  Baneling x7  
  69  10:09  Drone x6  
  69  10:12  Zergling x8  
  79  10:15  Overlord x4  
  79  10:35  Drone x2  
  81  10:39  Extractor x2  
  81  10:40  Drone  
  81  10:41  Drone x3  
  74  10:59  Mutalisk x6  
  74  11:00  Mutalisk x6  
  74  11:01  Mutalisk x4  
  106  11:07  Drone x4  
  106  11:33  Overlord x4  
  106  11:41  Baneling x17  
  106  11:43  Drone x5  
  111  11:50  Infestation Pit  
  110  12:01  Zergling x16  
  107  12:02  Zergling x12  
  107  12:08  Zergling x4  
  118  12:26  Baneling  
  118  12:27  Baneling x8  
  118  12:28  Baneling x2  
  118  12:33  Zergling x4  
  118  12:34  Zergling x16  
  118  12:35  Zergling x2  
  129  12:52  Zergling x10  
  129  12:53  Zergling x2  
  129  13:25  Mutalisk x2  
  129  13:26  Zergling x4, Mutalisk x4  
  144  13:27  Zergling x2  
  132  13:39  Baneling x2  
  132  13:40  Baneling  
  108  13:57  Infestor x5  
  108  13:58  Zergling x8  
  108  13:59  Zergling x6  
  108  14:00  Overlord x3  
  108  14:02  Overlord x3  
  125  14:03  Overlord  
  125  14:07  Hive  
  125  14:23  Hatchery  
  124  14:27  Zergling x8  
  124  14:28  Zergling x12  
  134  14:38  Overseer  
  134  14:47  Overseer x6  
  125  15:14  Baneling x4  
  125  15:15  Baneling x8  
  125  15:16  Baneling x4  
  125  15:34  Baneling  
  125  15:35  Baneling x8  
  125  15:36  Infestor x4, Baneling x2  
  125  15:37  Infestor x2, Mutalisk  
  125  15:38  Mutalisk x6  
  125  15:40  Zergling x14  
  125  15:41  Zergling x4  
  160  15:53  Greater Spire  
  160  15:59  Drone x3  
  160  16:01  Zergling x14  
  160  16:02  Zergling x2  
  171  16:17  Extractor  
  171  16:18  Extractor  
  169  16:26  Zergling x4  
  169  16:27  Zergling x16  
  169  16:28  Zergling x16  
  169  16:29  Overlord  
  163  16:38  Infestor x4  
  163  16:39  Zergling x2  
  172  16:46  Baneling x5  
  172  16:47  Baneling x7  
  172  17:03  Zergling x4  
  172  17:04  Zergling x16  
  172  17:05  Zergling x4  
  184  17:13  Baneling  
  184  17:14  Baneling x32  
  184  17:15  Baneling x6  
  184  17:25  Corruptor x4  
  128  18:09  Zergling x6  
  128  18:10  Corruptor x7, Zergling x14  
  128  18:11  Corruptor, Zergling x10  
  126  18:37  Zergling x2  
  126  18:38  Zergling x14  
  126  18:39  Zergling x6  
  127  18:49  Brood Lord x4  
  127  18:50  Hatchery, Brood Lord x3  
  127  18:54  Brood Lord  
  142  18:58  Drone x3  
  145  19:07  Baneling  
  145  19:08  Baneling x7  
  144  19:23  Neural Parasite  
  144  19:50  Hatchery  
  143  19:52  Hatchery  
  143  19:55  Queen  
  143  19:58  Spine Crawler  
  143  20:01  Spore Crawler, Spine Crawler  
  143  20:02  Drone x2  
  143  20:03  Drone x4, Spine Crawler  
  143  20:04  Spore Crawler  
  145  20:07  Corruptor x3  
  145  20:08  Corruptor x6  
  145  20:09  Zergling x2  
  145  20:10  Overlord x4  
  145  20:11  Overlord x2  
  145  20:12  Zerg Flyer Weapons Level 1  
  164  20:16  Evolution Chamber  
  164  20:18  Evolution Chamber  
  164  20:20  Pneumatized Carapace  
  162  20:22  Baneling x3  
  162  20:23  Baneling x6  
  162  20:24  Baneling x7  
  162  20:25  Baneling x2  
  162  20:26  Baneling x5  
  162  20:27  Baneling x5  
  162  20:28  Brood Lord x2  
  165  20:52  Zerg Melee Weapons Level 1, Zerg Ground Armor Level 1  
  165  20:54  Adrenal Glands  
  165  20:59  Queen  
  165  21:01  Drone x3  
  157  21:27  Extractor  
  157  21:28  Extractor  
  154  21:36  Corruptor x8  
  154  21:38  Zergling x6  
  167  21:56  Zergling x12  
  167  21:57  Zergling x10  
  178  22:05  Drone x3  
  178  22:06  Zerg Flyer Armor Level 1  
  181  22:14  Brood Lord x2  
  176  22:54  Zergling x14  
  176  22:55  Zergling x18  
  176  22:56  Zergling x4  
  194  23:45  Baneling x5  
  194  23:46  Baneling x8  
  194  23:47  Baneling x8  
  194  23:48  Baneling x6  
  194  23:49  Baneling x5, Zergling x2  
  194  23:50  Zergling x10  
  184  24:20  Zergling x6  
  184  24:21  Zergling x14  
  184  24:22  Zergling x14  
  184  24:23  Zergling x2  
  187  24:35  Brood Lord x4  
  187  24:36  Brood Lord x3  
  198  24:43  Extractor, Queen  
  198  24:44  Extractor  
  198  24:47  Drone  
  199  24:57  Baneling x2  
  199  24:58  Baneling x7  
  199  24:59  Baneling x3  
  199  25:16  Infestor  
  188  26:05  Viper  
  188  26:06  Viper x3  
  194  26:33  Zerg Ground Armor Level 2, Zerg Melee Weapons Level 2  
  194  26:59  Brood Lord x4  
  194  27:00  Brood Lord  
  181  27:25  Corruptor  
  181  27:26  Corruptor x7  
  181  27:27  Corruptor  
  199  27:48  Baneling x6  
  197  28:01  Overlord x5  
  192  28:48  Ultralisk Cavern  
Show
View Real Time Build Order
Export as new Build Order

RonCole Protoss - Winner!

Build Orders:  

Get SALT Encoding   

  12  0:05  Probe  
  13  0:17  Probe  
  14  0:29  Probe  
  14  0:35  Pylon  
  15  0:52  Pylon  
  15  1:00  Gateway  
  15  1:12  Pylon  
  15  1:13  Probe (Chrono Boost)  
  16  1:24  Probe (Chrono Boost)  
  17  1:29  Probe (Chrono Boost)  
  18  1:35  Nexus  
  18  1:40  Probe (Chrono Boost)  
  19  1:49  Probe (Chrono Boost)  
  20  1:54  Probe  
  21  2:01  Cybernetics Core  
  21  2:11  Forge  
  21  2:14  Probe (Chrono Boost)  
  22  2:17  Zealot  
  24  2:24  Probe (Chrono Boost)  
  24  2:29  Probe (Chrono Boost)  
  25  2:31  Assimilator  
  25  2:34  Assimilator  
  26  2:37  Gateway  
  26  2:41  Probe  
  27  2:52  Zealot  
  27  2:53  Probe  
  30  3:05  Probe  
  30  3:08  Pylon  
  31  3:15  Pylon  
  31  3:22  Stalker (Chrono Boost)  
  31  3:26  Stalker (Chrono Boost)  
  35  3:41  Photon Cannon  
  35  3:50  Stalker (Chrono Boost)  
  35  3:52  Stalker (Chrono Boost)  
  39  4:06  Pylon  
  39  4:12  Stalker  
  39  4:15  Stalker  
  31  4:38  Photon Cannon  
  32  5:06  Pylon  
  30  5:11  Zealot  
  27  5:14  Zealot  
  27  5:30  Photon Cannon  
  27  5:45  Twilight Council  
  27  5:51  Gateway  
  27  5:53  Gateway  
  27  6:00  Pylon  
  27  6:05  Pylon  
  27  6:15  Warp Gate  
  27  6:17  Protoss Ground Weapons Level 1  
  27  6:21  Stalker x2  
  27  6:23  Charge  
  31  6:37  Pylon  
  31  6:39  Pylon  
  31  6:48  Stalker x2  
  31  6:51  Stalker x2  
  39  7:24  Nexus  
  39  7:29  Assimilator  
  39  7:32  Probe (Chrono Boost)  
  39  7:34  Assimilator  
  40  7:38  Zealot x2  
  40  7:43  Probe (Chrono Boost)  
  41  7:48  Probe (Chrono Boost)  
  41  7:58  Probe  
  34  8:10  Probe  
  11  10:00  Nexus  
  11  10:08  Pylon  
  11  11:13  Probe  
  12  11:25  Probe  
  13  11:37  Probe  
  14  11:49  Probe  
  15  12:01  Probe  
  16  14:13  Probe  
  16  14:21  Pylon, Probe  
  16  14:23  Pylon  
  18  14:31  Probe  
  19  14:43  Probe  
  20  14:55  Probe  
  19  19:30  Probe  
  11  19:38  Probe  
  9  19:48  Probe  
  10  20:00  Probe  
  11  20:13  Probe  
Show
View Real Time Build Order
Export as new Build Order

nucmachin Terran 

Build Orders:  

Get SALT Encoding   

  12  0:04  SCV  
  13  0:16  SCV  
  14  0:23  Supply Depot  
  14  0:28  SCV  
  14  0:34  Refinery  
  15  0:44  SCV  
  15  0:47  Barracks  
  16  0:57  SCV  
  17  1:09  SCV  
  17  1:10  Refinery  
  18  1:21  SCV  
  19  1:34  Supply Depot  
  19  1:36  Orbital Command  
  19  1:44  Barracks Reactor  
  19  1:49  Barracks  
  19  2:02  SCV, Supply Depot  
  20  2:14  SCV  
  21  2:22  Marine x2  
  23  2:26  SCV, Supply Depot  
  24  2:37  Barracks Tech Lab  
  24  2:39  Marine  
  24  2:40  Marine  
  26  2:46  Factory  
  26  2:48  SCV  
  27  2:52  Supply Depot  
  27  2:57  Marine x2  
  27  2:58  Marine  
  30  2:59  Concussive Shells  
  30  3:07  SCV  
  31  3:15  Marine x3  
  31  3:16  Supply Depot  
  34  3:29  SCV  
  34  3:32  Marine  
  34  3:33  Marine x2, Factory Tech Lab  
  38  3:39  Supply Depot  
  38  3:45  Stimpack  
  38  3:46  SCV  
  39  3:51  Marine x2  
  41  4:00  Marine  
  42  4:07  Starport, Siege Tank  
  45  4:11  Marine  
  45  4:12  Marine  
  47  4:19  Marauder, Engineering Bay  
  46  4:44  Marine x2  
  45  4:50  Marine  
  46  4:52  Starport Reactor  
  43  5:02  Marine x2  
  44  5:08  Marine  
  42  5:20  Marine x2  
  44  5:22  Siege Tank  
  44  5:26  Marine  
  48  5:35  Command Center  
  48  5:37  Marine  
  48  5:38  Marine  
  48  5:39  Combat Shield  
  50  5:44  Marine  
  51  5:52  Barracks  
  51  5:55  Marine  
  52  6:04  SCV  
  52  6:08  Terran Infantry Armor Level 1  
  52  6:10  Supply Depot  
  53  6:15  Marine  
  53  6:16  Marauder  
  53  6:18  Medivac  
  58  6:22  SCV  
  59  6:36  Command Center  
  59  6:53  Medivac  
  61  6:54  Barracks Tech Lab  
  61  7:00  Barracks  
  61  7:04  Supply Depot  
  61  7:11  Armory  
  61  7:21  SCV  
  62  7:26  Supply Depot  
  62  7:33  SCV  
  62  7:35  Marine x2  
  62  7:36  Marauder  
  67  7:50  Supply Depot  
  51  8:15  Marine x4  
  51  8:16  Marauder, Siege Tank  
  60  8:33  Marine x2  
  60  8:34  Marauder  
  65  8:35  Barracks Reactor  
  65  8:37  Marine  
  65  8:38  Barracks  
  65  8:42  SCV  
  65  8:48  Terran Infantry Weapons Level 1, Siege Tank  
  66  8:50  Marine  
  66  8:51  Marine  
  66  8:54  Marine  
  66  8:55  Marine  
  73  8:57  SCV x2  
  75  9:03  Supply Depot  
  65  9:29  Marine x2  
  65  9:30  Marine x2, Marauder  
  68  9:34  Supply Depot  
  68  9:35  SCV  
  68  9:37  Orbital Command  
  69  9:43  Marine  
  70  9:47  Marine, SCV  
  70  9:52  Marauder  
  74  9:56  Barracks Tech Lab  
  74  9:57  Factory  
  74  9:59  SCV  
  75  10:01  Marine x3  
  75  10:02  Marauder  
  75  10:03  SCV  
  81  10:07  Refinery  
  81  10:08  Refinery  
  81  10:10  Terran Ship Weapons Level 1  
  81  10:11  SCV  
  82  10:18  Engineering Bay  
  84  10:32  Liberator x2  
  89  10:35  SCV  
  89  10:40  SCV  
  90  10:43  Supply Depot  
  90  10:47  SCV  
  91  10:50  Marine x2  
  91  10:51  Marine, Marauder  
  91  10:52  Marine x2  
  91  10:53  Marauder  
  91  10:54  Factory Tech Lab  
  100  11:13  SCV  
  100  11:14  SCV  
  100  11:16  Supply Depot  
  102  11:19  Terran Infantry Armor Level 2  
  102  11:28  Starport, SCV x2  
  102  11:32  Marine x2  
  105  11:33  Marine, Marauder  
  105  11:34  Marauder  
  105  11:38  Engineering Bay  
  111  11:40  SCV  
  112  11:47  Liberator x2  
  113  12:04  Armory  
  113  12:12  Command Center  
  113  12:17  Supply Depot  
  98  12:30  Medivac x2  
  98  12:33  Missile Turret  
  98  12:35  Missile Turret  
  101  12:39  Supply Depot  
  85  12:56  SCV x2  
  73  13:08  SCV  
  74  13:13  SCV  
  75  13:20  SCV  
  75  13:24  Missile Turret  
  75  13:25  SCV  
  77  13:27  Missile Turret  
  77  13:32  SCV  
  78  13:36  Liberator  
  78  13:37  SCV  
  78  13:38  Starport Reactor  
  73  13:56  Marine x2  
  73  13:57  Marine x2  
  73  13:58  Planetary Fortress  
  73  14:00  SCV x2  
  79  14:06  Missile Turret  
  79  14:08  Missile Turret  
  79  14:12  SCV  
  80  14:36  Marine x4  
  80  14:37  Marine, Marauder x2  
  80  14:38  Missile Turret  
  89  14:43  SCV x3  
  92  14:46  Refinery  
  92  14:47  Refinery  
  92  14:54  Marine  
  93  15:22  Marine  
  93  15:23  Marine x3  
  93  15:24  Marine, Marauder x2  
  102  15:33  Terran Infantry Weapons Level 2  
  102  15:38  Terran Vehicle Weapons Level 1  
  102  15:41  SCV, Missile Turret  
  103  15:47  Marine  
  104  15:51  Medivac  
  104  15:54  SCV  
  107  16:01  Supply Depot  
  107  16:05  Supply Depot  
  107  16:09  Marine  
  102  16:36  Missile Turret  
  102  16:42  Marine x4  
  102  16:43  Marauder x2  
  102  16:45  Liberator  
  102  16:46  Liberator  
  116  17:04  Supply Depot  
  116  17:09  Missile Turret  
  116  17:12  Marine x2  
  116  17:13  Marine  
  119  17:17  SCV  
  119  17:18  SCV  
  121  17:27  Supply Depot  
  49  17:52  Marine x4  
  49  17:56  Marine  
  49  17:57  Marine x2  
  49  17:58  SCV x2  
  52  18:04  Siege Tank x2  
  58  18:09  Marine  
  58  18:10  Marine x3  
  56  18:22  SCV x3  
  57  18:49  Marine x3  
  57  18:50  Marine x2  
  62  18:59  Marine x2  
  62  19:02  SCV  
  65  19:23  Marine  
  65  19:24  Marine x5  
  70  19:35  SCV x2  
  65  19:57  Marine x4  
  65  19:58  Marine  
  70  20:14  Marine x2  
  70  20:15  Marine x3  
  70  20:16  SCV x3  
  78  20:30  Command Center  
  79  20:42  SCV  
  79  20:43  SCV  
  79  20:47  Marine x4  
  79  20:48  Medivac  
  85  21:25  Marine x3  
  49  21:26  Marine x4  
  43  21:43  Marine x4  
  43  21:44  Marine x3  
  44  21:56  SCV x3  
  44  22:01  Marine x3  
  44  22:11  Marine x2  
  35  22:19  Marine x2  
  30  22:33  Marine x3  
  30  22:34  Marine  
  28  22:43  Marine x2  
  10  24:09  Orbital Command  
  10  24:49  SCV  
  11  25:04  SCV  
  12  25:21  SCV  
  13  25:23  Marine  
  13  25:24  Marine  
  13  25:25  Starport Reactor  
  15  25:33  Orbital Command, SCV  
  16  25:41  Marine x2  
  18  25:45  SCV  
  18  25:46  Hellbat  
  21  25:56  Engineering Bay  
  21  25:57  SCV  
  21  26:00  Marine x2  
  24  26:05  Medivac  
  24  26:09  SCV  
  27  26:11  SCV  
  27  26:17  Medivac  
  30  26:21  SCV, Factory Tech Lab  
  30  26:22  Marine  
  30  26:23  SCV  
  33  26:27  Marine  
  34  26:33  SCV  
  34  26:35  Marine x2, SCV  
  38  26:40  Marine  
  38  26:45  Marine, SCV  
  41  26:52  Marine x2  
  43  26:54  Medivac  
  43  26:57  Marine  
  46  27:16  Supply Depot  
  45  28:00  Supply Depot  
  45  28:03  Marine  
  45  28:04  Marine x3, SCV  
  45  28:05  Hellbat x2  
  33  28:19  SCV  
  34  28:21  Marine x3  
  34  28:22  Marine, Supply Depot  
  38  28:31  SCV  
  41  28:35  Viking x2  
  41  28:39  Marine x3  
  46  28:44  Marine, SCV  
  48  28:56  SCV  
  48  28:57  Marine x3  
  48  29:01  Marine  
  53  29:02  Factory Tech Lab  
  53  29:06  Supply Depot  
  51  29:15  Marine x3  
  54  29:27  Marine, SCV  
  54  29:28  Supply Depot  
  54  29:29  Supply Depot  
Show
View Real Time Build Order
Export as new Build Order

DENNISILLO Terran 

Build Orders:  

Get SALT Encoding   

  12  0:10  Supply Depot  
  12  0:14  SCV  
  13  0:26  SCV  
  14  0:34  Barracks  
  14  0:46  Barracks  
  14  0:58  Barracks  
  14  1:02  SCV  
  15  1:14  SCV  
  16  1:23  Marine  
  17  1:33  Marine  
  17  1:35  Supply Depot  
  18  1:41  Marine  
  18  1:42  Barracks  
  18  1:46  Marine  
  20  1:55  Orbital Command  
  20  2:02  Marine  
  20  2:04  Marine  
  20  2:07  Marine  
  23  2:20  Marine  
  23  2:22  Marine  
  24  2:25  Marine  
  24  2:28  Marine  
  27  2:37  Supply Depot  
  27  3:00  Supply Depot  
  27  3:03  Marine x2  
  27  3:04  Marine  
  30  3:20  Marine  
  30  3:21  Marine x3  
  30  3:23  SCV  
  35  3:35  SCV  
  35  3:38  Marine  
  37  3:47  SCV  
  13  5:24  Marine, SCV  
  13  5:25  Marine x2  
  13  5:26  Marine  
  18  5:36  SCV  
  18  5:42  Marine  
  19  5:43  Marine x2  
  19  5:44  Marine  
  23  6:00  Marine  
  23  6:01  Marine x2  
  26  6:08  Barracks  
  26  6:09  SCV  
  27  6:12  Marine  
  27  6:18  Marine x2  
  28  6:19  Marine  
  28  6:21  SCV  
  32  6:30  Marine  
  33  6:42  SCV  
  33  6:46  Marine  
  33  6:47  Marine  
  35  6:51  Marine x2  
  38  6:54  SCV  
  38  7:01  Supply Depot  
  39  7:07  SCV  
  40  7:11  Marine  
  40  7:12  Marine x2  
  40  7:13  Marine x2  
  45  7:19  SCV  
  46  7:24  Supply Depot  
  46  7:29  Marine  
  47  7:46  Supply Depot  
  17  9:26  Marine  
  17  9:27  Marine  
  17  9:28  Marine x2  
  17  9:29  Marine  
  22  9:36  Barracks  
  22  9:38  Supply Depot  
  22  9:44  Marine  
  22  9:45  Marine  
  24  9:46  Marine x2  
  24  9:47  Marine  
  27  10:01  Supply Depot  
  27  10:02  Marine  
  27  10:04  Marine  
  27  10:06  Marine  
  27  10:07  Marine x2, Command Center  
  32  10:19  Marine  
  33  10:22  Marine  
  33  10:23  Supply Depot  
  33  10:24  Marine x2  
  33  10:25  Marine x2  
  38  10:31  Barracks  
  38  10:37  Marine  
  38  10:40  Marine  
  38  10:42  Marine  
  41  10:46  Engineering Bay  
  41  11:00  Marine x3  
  41  11:01  Marine x2  
  41  11:02  Marine  
  47  11:17  Marine  
  47  11:18  Marine x4  
  50  11:19  Marine x2  
  54  11:28  Supply Depot  
  54  11:35  Refinery, Marine x2  
  56  11:44  Orbital Command  
  54  12:07  Marine  
  54  12:08  Marine  
  56  12:09  Marine x3  
  56  12:12  Marine  
  60  12:16  Marine  
  61  12:24  SCV  
  61  12:25  Marine  
  61  12:26  Marine  
  64  12:36  SCV  
  65  12:44  Bunker  
  65  12:48  SCV  
  66  13:00  SCV  
  63  13:08  Missile Turret  
  63  13:11  Missile Turret  
  62  13:12  SCV  
  62  13:21  Missile Turret  
  62  13:24  SCV  
  62  13:37  SCV  
  62  13:40  Missile Turret  
  63  13:41  Missile Turret  
  63  13:46  Missile Turret  
  63  13:50  Missile Turret  
  63  13:51  Missile Turret  
  63  13:53  SCV  
  64  14:06  Supply Depot  
  64  14:33  Missile Turret  
  64  14:37  SCV  
  65  14:45  Marine  
  65  14:46  Marine x2  
  65  14:47  Marine  
  65  14:48  Marine x2  
  65  14:49  SCV  
  65  14:51  Marine  
  73  14:53  Missile Turret  
  73  14:57  Neosteel Armor  
  73  15:01  SCV  
  73  15:03  Marine  
  73  15:04  Marine x2  
  73  15:05  Marine x2  
  73  15:06  Marine, SCV  
  81  15:13  SCV  
  82  15:18  SCV  
  83  15:23  Missile Turret  
  83  15:26  SCV  
  84  15:30  SCV  
  85  15:37  Missile Turret  
  85  15:38  SCV  
  86  15:43  Missile Turret, SCV  
  87  15:50  SCV  
  87  15:51  Marine x2  
  87  15:52  Marine  
  87  15:53  Marine x2  
  87  15:54  Marine  
  94  15:58  Marine, Missile Turret  
  94  16:02  SCV  
  94  16:03  Missile Turret  
  96  16:09  Marine x2  
  96  16:10  Marine x2  
  100  16:11  Marine  
  100  16:12  Marine  
  100  16:14  SCV  
  100  16:16  Marine  
  103  16:26  SCV  
  103  16:27  Marine x3  
  103  16:28  Marine  
  103  16:29  Marine  
  103  16:34  Marine  
  104  16:43  Marine  
  104  16:44  Marine  
  104  16:45  Marine x2  
  104  16:46  Marine  
  104  16:47  Marine  
  109  16:52  Marine  
  111  16:54  SCV  
  112  17:01  Missile Turret  
  112  17:06  Missile Turret, SCV  
  113  17:17  Missile Turret  
  113  17:18  SCV  
  114  17:25  Missile Turret x2  
  83  17:30  SCV  
  75  17:37  Missile Turret  
  75  17:39  Marine  
  75  17:40  Marine x2  
  75  17:41  Marine x2  
  75  17:42  Marine, SCV  
  80  17:57  Marine  
  54  18:10  Bunker  
  50  18:17  Bunker  
  50  18:23  Marine x2  
  50  18:24  Marine x3  
  50  18:25  Marine  
  50  18:26  Marine  
  57  18:35  Bunker  
  57  18:40  Bunker  
  57  18:41  Marine x2, Bunker  
  57  18:42  Marine x3  
  57  18:43  Marine, Bunker  
  63  18:52  Terran Infantry Weapons Level 1  
  63  18:59  Marine x2  
  63  19:00  Marine  
  66  19:11  Bunker  
  66  19:30  Marine x2  
  66  19:31  Marine x3  
  69  19:32  Marine  
  69  19:33  Marine, Bunker  
  72  19:42  Bunker  
  72  19:47  Refinery  
  72  19:49  Marine x2  
  72  19:50  Marine x2  
  72  19:51  Marine  
  72  19:52  Marine  
  78  20:00  Marine  
  78  20:07  Marine x3  
  79  20:08  Marine x2  
  79  20:10  Marine  
  85  20:16  Missile Turret  
  85  20:18  Marine  
  86  20:24  Marine  
  86  20:25  Refinery, Marine x2  
  86  20:26  Marine x2  
  86  20:27  Marine  
  92  20:30  SCV  
  92  20:35  Missile Turret  
  93  20:36  Marine  
  93  20:42  Marine, SCV  
  95  20:43  Marine x2  
  95  20:44  Marine x2  
  95  20:45  Marine  
  95  20:47  Terran Infantry Armor Level 1  
  101  20:54  Marine, SCV  
  103  21:00  Marine  
  103  21:01  Marine x3  
  103  21:02  Marine  
  103  21:03  Marine  
  109  21:06  SCV  
  110  21:12  Marine  
  111  21:19  Bunker  
  111  21:41  Factory  
  111  21:47  Bunker  
  111  21:50  Bunker x2  
  111  21:54  Bunker  
  111  21:57  Bunker  
  111  22:14  Marine  
  111  22:15  Marine  
  112  22:18  Marine  
  114  22:32  Marine  
  115  22:39  Factory Tech Lab  
  115  22:41  Hi-Sec Auto Tracking  
  115  22:48  Missile Turret  
  115  23:08  Siege Tank  
  79  24:28  Siege Tank  
  65  24:34  Marine x2  
  57  25:15  Marine  
  53  25:33  Marine  
  23  26:29  Marine  
Tags
 
Add a new tag
Caveats
  • Supply blocks, unpowered buildings, or Contaminate may cause inaccurate times.
  • Supply counts are checked every 10 seconds.